 Dungeon Crawl Stone Soup version 0.28-a0-1382-g92835e5c71 (webtiles) character file.

Game seed: 6517782919312505176

5541 browni3141 the Cleaver (level 10, -10/123 HPs)
             Began as a Palentonga Berserker on Jan 2, 2022.
             Was a Believer of Trog.
             Mangled by a red ugly thing (17 damage)
             ... on level 10 of the Dungeon.
             The game lasted 00:17:21 (11256 turns).

browni3141 the Cleaver (Palentonga Berserker)      Turns: 11256, Time: 00:17:22

Health: -10/123    AC: 16    Str: 27    XL:     10   Next: 43%
Magic:  10/10      EV: 10    Int:  7    God:    Trog [**....]
Gold:   560        SH:  5    Dex: 10    Spells: 9/9 levels left

rFire   . . .      SeeInvis +   a - +3 war axe (flame)
rCold   + . .      Faith    .   (no shield)
rNeg    + . .      Spirit   .   G - +3 ring mail {rF+}
rPois   .          Reflect  +   (no helmet)
rElec   .          Harm     .   (no cloak)
rCorr   .          Rampage  .   (no gloves)
Will    .....                   (no barding)
Stlth   ..........              r - amulet of Hill {Reflect Str+5 Dex-3 SH+5}
HPRegen 0.30/turn               y - ring of ice
MPRegen 0.12/turn               l - ring of positive energy

@: berserking, curled up, very quick
A: large, rugged brown scales 3, see invisible, deformed body, roll 1, armoured
tail, reflexive curl
a: Rolling Charge, Renounce Religion, Berserk, Trog's Hand


You were on level 10 of the Dungeon.
You worshipped Trog.
Trog was pleased with you.
You visited 1 branch of the dungeon, and saw 10 of its levels.

You collected 560 gold pieces.

Inventory:

Hand Weapons
 a - a +3 war axe of flaming (weapon)
 J - a +0 hand axe
Missiles
 k - 32 poisoned darts
 x - a throwing net
Armour
 b - a +0 animal skin
 h - a +2 leather armour of cold resistance
 G - a +3 ring mail of fire resistance (worn)
Jewellery
 l - a ring of positive energy (right hand)
 r - the amulet of Hill (around neck) {Reflect Str+5 Dex-3 SH+5}
   (You found it on level 4 of the Dungeon)

   [amulet of reflection]

   It reflects blocked missile attacks.
   Str:       It affects your strength (+5).
   Dex:       It affects your dexterity (-3).
   SH:        It affects your SH (+5).
 v - an amulet of the acrobat
 y - a ring of ice (left hand)
 L - a ring of fire
Wands
 q - a wand of digging (2)
 H - a wand of polymorph (6)
 I - a wand of acid (10)
Scrolls
 c - 2 scrolls of fear
 e - a scroll of blinking
 f - a scroll of fog
 g - a scroll of immolation
 i - 4 scrolls of holy word
 p - a scroll of teleportation
 s - 2 scrolls of amnesia
 t - a scroll of enchant armour
 w - 2 scrolls of magic mapping
 A - 3 scrolls of brand weapon
 F - 2 scrolls of torment {unknown}
 K - a scroll of enchant weapon {unknown}
Potions
 d - a potion of ambrosia
 j - 3 potions of curing {unknown}
 m - 2 potions of attraction {unknown}
 n - a potion of mutation {unknown}
 o - 3 potions of degeneration {unknown}
 u - 3 potions of brilliance {unknown}
 z - a potion of cancellation {unknown}
 B - a potion of resistance {unknown}
 C - a potion of invisibility {unknown}
 D - 2 potions of might {unknown}
 E - a potion of haste {unknown}


   Skills:
 + Level 6.5 Fighting
 * Level 10.9 Axes
 + Level 5.1 Armour
 + Level 5.2 Dodging
 - Level 5.0 Evocations


You had 9 spell levels left.
You didn't know any spells.
Your spell library was empty.

Dungeon Overview and Level Annotations

Branches:
Dungeon (10/15)            Temple (0/1) D:4
   Lair: D:8-11         Orc: D:9-12

Altars:
Cheibriados
Gozag
Kikubaaqudgha
Makhleb
Nemelex Xobeh
Qazlal
Xom
Yredelemnul
Zin
The Shining One

Annotations:
D:9 exclusion: orange crystal statue


Innate Abilities, Weirdness & Mutations

You are completely covered in rugged brown scales. (AC +3, +7% HP)
You have supernaturally acute eyesight. (SInv)
Armour fits poorly on your strangely shaped body.
You can roll at nearby foes to attack.
You have a long armoured tail.
You curl defensively after being hit. (AC +7*)


Message History

There is a stone staircase leading down, spattered with blood here.
Found an opal ring and a pair of transparent gloves.
The red ugly thing gurgles horribly!
The cyclops shouts!
The cyclops throws a large rock.
The large rock hits you!
There is a stone staircase leading down, spattered with blood here.
You climb downwards.
There is a stone staircase leading up, spattered with blood here.
You start resting.
HP restored.
You climb upwards.
Level annotation: exclusion: orange crystal statue The red ugly thing headbutts you!
You are engulfed in flames!!
The red ugly thing headbutts you but does no damage.
There is a stone staircase leading down, spattered with blood here.
Unknown command.
The red ugly thing headbutts you.
You are engulfed in flames!
You climb downwards.
There is a stone staircase leading up, spattered with blood here.
Unknown command.
A red film seems to cover your vision as you go berserk!
You feel yourself moving faster!
You feel mighty! The red ugly thing headbutts you.
You are engulfed in flames!!
* * * LOW HITPOINT WARNING * * *
You closely miss the red ugly thing. You barely miss the red ugly thing.
The red ugly thing barely misses you.
You slash the red ugly thing!
Your tail-slap misses the red ugly thing.
The red ugly thing is moderately wounded.
The red ugly thing headbutts you.
* * * LOW HITPOINT WARNING * * *
You are engulfed in flames!
* * * LOW HITPOINT WARNING * * *
You slash the red ugly thing! You burn the red ugly thing.
The red ugly thing is heavily wounded.
You slash the red ugly thing!
The red ugly thing is severely wounded.
The red ugly thing headbutts you!
* * * LOW HITPOINT WARNING * * *
You are engulfed in flames!
You die...

###
#.#############
####
#.........@u..#
...#
#.###########.#
##.# #.# #.#
#.# #.# #.# #.#
#.# #.# #.# #.#
#.# #.# #.# #.#
##.####.### #.#
.#........# #.#


You could see a red ugly thing.

Vanquished Creatures
  Pikel (D:7)
  A manticore (D:10)
  Maggie (D:7)
  Sigmund (D:3)
  2 vampires (D:8)
  3 wyverns
  3 yaks (D:7)
  Edmund (D:4)
  3 water moccasins
  An orc warrior (D:10)
  A sky beast (D:6)
  An ice beast (D:6)
  An ogre (D:5)
  5 centaurs
  A lemure (D:7)
  A phantom (D:7)
  A bullfrog (D:8)
  A scorpion (D:6)
  A wyvern skeleton (D:6)
  2 killer bees (D:10)
  5 electric eels (D:10)
  5 wights (D:9)
  2 howler monkeys (D:7)
  A crimson imp (D:7)
  2 bullfrog zombies
  3 centaur zombies
  2 hounds
  2 centaur skeletons (D:7)
  A gnoll shaman (D:5)
  3 jellies
  Ijyb (D:3)
  A scorpion zombie (D:5)
  5 orc wizards
  A hound skeleton (D:4)
  A howler monkey skeleton (D:6)
  An adder (D:3)
  4 gnolls (D:5)
  A white imp (D:6)
  An ufetubus (D:4)
  2 worms
  3 dart slugs
  24 orcs
  6 ball pythons
  8 endoplasms
  4 giant cockroaches
  3 goblins
  5 hobgoblins
  2 jackals (D:1)
  3 quokkas
  3 bats
  6 frilled lizards
  6 kobolds
  5 rats
154 creatures vanquished.

Vanquished Creatures (others)
  30 plants (D:1)
30 creatures vanquished.

Grand Total: 184 creatures vanquished

Notes
Turn   | Place    | Note
-------+----------+-------------------------------------------
     0 | D:1      | browni3141 the Palentonga Berserker began the quest for the
                  | Orb.
     0 | D:1      | Reached XP level 1. HP: 19/19 MP: 1/1
    30 | D:1      | Found a faded altar of an unknown god.
   351 | D:1      | Reached XP level 2. HP: 25/25 MP: 2/2
   893 | D:1      | Reached skill level 4 in Axes
  1264 | D:1      | Reached XP level 3. HP: 31/31 MP: 3/3
  1743 | D:2      | Reached ** piety under Trog
  2234 | D:3      | Noticed Ijyb
  2260 | D:3      | Killed Ijyb
  2261 | D:3      | Reached skill level 5 in Axes
  2261 | D:3      | Reached XP level 4. HP: 22/37 MP: 4/4
  2847 | D:3      | Noticed Sigmund
  2855 | D:3      | Killed Sigmund
  2856 | D:3      | Reached skill level 6 in Axes
  2856 | D:3      | Reached XP level 5. HP: 43/43 MP: 5/5
  2856 | D:3      | Reached XP level 6. HP: 50/50 MP: 6/6
  3143 | D:4      | Identified the amulet of Hill {Reflect Str+5 Dex-3 SH+5}
  3172 | D:4      | Noticed Edmund
  3412 | D:4      | Found a basalt altar of Yredelemnul.
  3414 | D:4      | Noticed a profane servitor
  3486 | D:4      | Found a staircase to the Ecumenical Temple.
  3499 | D:4      | Reached skill level 7 in Axes
  3794 | D:4      | Found a glowing golden altar of the Shining One.
  3904 | D:4      | Noticed an angel
  4000 | D:5      | Entered Level 5 of the Dungeon
  4546 | D:5      | Reached skill level 1 in Evocations
  4550 | D:5      | Gained mutation: You curl defensively after being hit. (AC
                  | +7*) [Palentonga growth]
  4550 | D:5      | Reached XP level 7. HP: 55/55 MP: 7/7
  5018 | D:6      | Found a snail-covered altar of Cheibriados.
  5212 | D:6      | Reached skill level 8 in Axes
  5591 | D:6      | Reached XP level 8. HP: 61/64 MP: 8/8
  6037 | D:7      | Found a burning altar of Makhleb.
  6219 | D:7      | Noticed Maggie
  6235 | D:7      | Killed Maggie
  6239 | D:7      | Reached skill level 9 in Axes
  6641 | D:7      | Reached skill level 5 in Fighting
  6641 | D:7      | Reached XP level 9. HP: 55/72 MP: 9/9
  6906 | D:4      | Killed Edmund
  7014 | D:7      | Noticed Pikel
  7027 | D:7      | Killed Pikel
  7244 | D:7      | Found a faded altar of an unknown god.
  7244 | D:7      | Found a shimmering altar of Xom.
  7252 | D:7      | Found a stormy altar of Qazlal.
  7254 | D:7      | Found a sparkling altar of Nemelex Xobeh.
  7256 | D:7      | Found a faded altar of an unknown god.
  7640 | D:8      | Reached skill level 10 in Axes
  8297 | D:8      | Reached XP level 10. HP: 81/81 MP: 10/10
  8764 | D:9      | Noticed an orange crystal statue
  8847 | D:9      | Noticed a manticore
  8850 | D:9      | Noticed a centaur warrior
  8850 | D:9      | Noticed a red ugly thing
  8850 | D:9      | Noticed a manticore
  8850 | D:9      | Noticed a cyclops
  8861 | D:10     | Entered Level 10 of the Dungeon
  9280 | D:10     | Reached skill level 5 in Dodging
  9842 | D:10     | Reached skill level 5 in Evocations
 10374 | D:10     | Found an opulent altar of Gozag.
 10374 | D:10     | Found a glowing silver altar of Zin.
 10412 | D:10     | Reached skill level 5 in Armour
 10609 | D:10     | Found an ancient bone altar of Kikubaaqudgha.
 10796 | D:10     | Killed a manticore
 11256 | D:10     | Mangled by a red ugly thing

Illustrated notes

Levels and vault maps discovered:
D:1:      wander_arrival_desolate, layout_loops_corners, serial_aquarium,
          aquarium_bridge_square [aquarium_subvault_wall,
          aquarium_subvault_bridge, aquarium_subvault_window,
          aquarium_subvault_balcony], aquarium_bridge_island_small
          [aquarium_subvault_small_open, aquarium_subvault_wall,
          aquarium_subvault_window, aquarium_subvault_bridge,
          aquarium_subvault_window], aquarium_window_corner, aquarium_window_1,
          aquarium_window_1, aquarium_window_fake, aquarium_view_2e,
          aquarium_view_2c, aquarium_balcony_3a,
          chequers_ecumenical_altar_island, serial_bayou_lagoon_a
D:2:      layout_loops_ring
D:3:      layout_basic, st_stairs_8, saegor_snake_ambush, uniq_ijyb,
          uniq_sigmund
D:4:      layout_loops_ring, grunt_temple_overflow_holy_war,
          minmay_temple_entry_grid, uniq_edmund
D:5:      layout_gridville
D:6:      layout_cave_pools, lemuel_doored_altar, lightli_orcish_oven
D:7:      layout_loops_ring, chequers_temple_overflow_minitemple,
          makhleb_grotto_becter, nrook_loot_triangle, uniq_pikel, uniq_maggie
D:8:      layout_basic, minmay_misc_feat_hallway, nzn_life_drinkers
D:9:      minmay_the_grid_octo_2x2 [minmay_the_grid_octo_clover_2,
          minmay_the_grid_octo_checkered, minmay_the_grid_octo_teeth,
          minmay_the_grid_octo_prize_square_snowflake], layout_cave_pools,
          minivault_16, kb_lookout_dungeons_type, minivault_25
D:10:     layout_basic, grunt_temple_overflow_gold_and_silver,
          kennysheep_mini_moat

Skill      XL: |  1  2  3  4  5  6  7  8  9 10 |
---------------+-------------------------------+-----
Axes           | 4 5 6 7 8 9 10 | 10.9
Dodging        | 2 3 4 5 |  5.2
Evocations     | 1 2 3 4 5 |  5.0
Armour         | 2 3 4 5 |  5.1
Fighting       | 4 5 6 |  6.5

Action                   |  1- 3 |  4- 6 |  7- 9 | 10-12 || total
-------------------------+-------+-------+-------+-------++-------
Melee: Hand axe          |   112 |    98 |   223 |    15 ||   448
       Tailslap          |    13 |     9 |    40 |    16 ||    78
       War axe           |       |       |       |    71 ||    71
Throw: Dart              |     4 |    12 |     5 |       ||    21
Invok: Berserk           |     4 |     6 |    12 |     6 ||    28
       Trog's Hand       |       |     1 |     3 |       ||     4
 Abil: Rolling Charge    |    25 |    19 |    26 |    12 ||    82
Evoke: Wand              |       |       |     3 |       ||     3
  Use: Scroll            |     1 |       |    11 |     3 ||    15
Armor: Animal skin       |    16 |       |       |       ||    16
       Leather armour    |    14 |    27 |    46 |       ||    87
       Ring mail         |       |       |    28 |    38 ||    66
Dodge: Dodged            |    45 |    40 |    69 |    35 ||   189
Block: Other             |       |    11 |    42 |    24 ||    77

Table legend: (Time is in decaauts)
 A = Elapsed time spent in this place.
 B = Non-inter-level travel time spent in this place.
 C = Inter-level travel time spent in this place.
 D = Time resting spent in this place.
 E = Time spent auto-exploring this place.
 F = Levels seen in this place.
 G = Mean time per level.
                   A        B        C        D        E       F      G
               +--------+--------+--------+--------+--------+-----+--------+
         Total |  11535 |  10802 |    733 |   2663 |   6712 |  10 | 1153.5 |
       Dungeon |  11535 |  10802 |    733 |   2663 |   6712 |  10 | 1153.5 |
               +--------+--------+--------+--------+--------+-----+--------+

Top non-repeatable levels by time:
    D:10: 2395 daAuts
     D:1: 1621 daAuts
     D:7: 1369 daAuts
     D:5: 1203 daAuts
     D:6: 1021 daAuts
     D:3: 971 daAuts
     D:4: 953 daAuts
     D:8: 910 daAuts
     D:2: 669 daAuts
     D:9: 419 daAuts
